 Dungeon Crawl Stone Soup version 0.26-a0-966-gd078a86f14 (webtiles) character file.

Game seed: 15396545657975459336

3023 pkoi the Grappler (level 9, 0/81 HPs)
             Began as a Troll Monk on Dec 4, 2020.
             Was a Believer of Makhleb.
             Succumbed to a killer bee's poison
             ... on level 8 of the Dungeon.
             The game lasted 00:06:05 (5550 turns).

pkoi the Grappler (Troll Monk)                      Turns: 5550, Time: 00:06:06

Health: 0/81       AC:  6    Str: 24    XL:     9   Next: 55%
Magic:  10/10      EV: 15    Int:  6    God:    Makhleb [**....]
Gold:   452        SH:  0    Dex: 12    Spells: 8/8 levels left

rFire    . . .     SeeInvis .     - Unarmed
rCold    . . .     Faith    .   (no shield)
rNeg     . . .     Spirit   .   a - +0 robe
rPois    .         Reflect  .   (helmet restricted)
rElec    .         Harm     .   (no cloak)
rCorr    .         Rampage  .   (gloves unavailable)
MR       .....                  (boots unavailable)
Stlth    ++........             u - amulet of magic regeneration
HPRegen  0.63/turn              l - ring of flight
MPRegen  0.37/turn              o - +4 ring of evasion

@: lethally poisoned (0 -> -8), berserk cooldown, slowed, very slow
A: large, unfitting armour, claws 3, regeneration 1, shaggy fur 1, tough skin 3
a: Minor Destruction, Renounce Religion, Evoke Flight


You were on level 8 of the Dungeon.
You worshipped Makhleb.
Makhleb was pleased with you.
You visited 2 branches of the dungeon, and saw 9 of its levels.

You collected 452 gold pieces.

Inventory:

Missiles
 m - 7 poisoned darts (quivered)
Armour
 a - a +0 robe (worn)
Jewellery
 l - a ring of flight (left claw)
 o - a +4 ring of evasion (right claw)
 u - an amulet of magic regeneration (around neck)
Wands
 j - a wand of iceblast (8)
 v - a wand of paralysis (10)
 w - a wand of flame (22)
Scrolls
 d - 5 scrolls of teleportation {unknown}
 e - 5 scrolls of remove curse {unknown}
 h - 5 scrolls of enchant armour {unknown}
 i - a scroll of magic mapping {unknown}
 q - 4 scrolls of identify
Potions
 b - a potion of attraction {unknown}
 c - a potion of haste {unknown}
 f - 7 potions of heal wounds {unknown}
 g - 2 potions of magic {unknown}
 k - a potion of resistance {unknown}
 n - a potion of berserk rage
 p - a potion of might {unknown}
 r - a potion of ambrosia {unknown}
 s - 3 potions of invisibility
 t - 3 potions of curing {unknown}
 x - a potion of flight {unknown}


   Skills:
 + Level 3.1 Fighting
 + Level 3.1 Dodging
 - Level 1.0 Stealth
 + Level 12.5 Unarmed Combat
 * Level 2.7 Invocations


You had 8 spell levels left.
You didn't know any spells.
Your spell library contained the following spells:

 Spells                   Type           Power        Failure   Level
 Bolt of Magma            Conj/Fire/Erth #.........   100%        5
 Iskenderun's Battlesphe  Conj           #.......     100%        5
 Iron Shot                Conj/Erth      #.........   100%        6
 Orb of Destruction       Conj           #.........   100%        7
 Spellforged Servitor     Conj/Summ      #.........   100%        7


Dungeon Overview and Level Annotations

Branches:
Dungeon (8/15)             Temple (1/1) D:7
   Lair: D:8-11

Altars:
Ashenzari
Dithmenos
Elyvilon
Fedhas
Gozag
Hepliaklqana
Kikubaaqudgha
Makhleb
Nemelex Xobeh
Okawaru
Ru
Sif Muna
Trog
Uskayaw
Vehumet
Wu Jian
Xom
Yredelemnul
Zin
The Shining One

Annotations:
D:3 1 runed translucent door, stormannnn's ghost, amateur MiFi


Innate Abilities, Weirdness & Mutations

You are too large for most types of armour.
You have claws for hands.
Your natural rate of healing is unusually fast.
You are covered in fur. (AC +1)
You have extremely tough skin. (AC +3)


Message History

The adder bites you.
* * * LOW HITPOINT WARNING * * *
Things that are here:
a howler monkey corpse; a howler monkey corpse You feel a strong urge to attack something.
* * * LOW HITPOINT WARNING * * *
You feel sick.
You closely miss the adder. You claw the adder!
You kill the adder!
Makhleb accepts your kill.
* * * LOW HITPOINT WARNING * * *
You feel sick.
* * * LOW HITPOINT WARNING * * *
You feel sick.
A wight comes into view. It is wielding a +0 dagger.
You feel a strong urge to attack something.
You are no longer berserk.
You are exhausted.
You feel yourself slow down.
You die...

........>........##.
..#...........##..#
###...........# ..#
# #..)........##..#
#....<............#
.................##
..##........##..###
$# ###.....####.††#
. #.....# ##@#..$.#
........ #†# ...#
....#.......y......
$...#...###r...##..
#. #.##.# # #.# .#
... . ..z . ... ..


You could see a killer bee, a wight and a quokka.

Vanquished Creatures
  Pikel (D:6)
  Menkaure (D:5)
  2 water moccasins
  An orc warrior (D:6)
  2 ice beasts
  2 phantoms
  A sky beast (D:8)
  2 lemures (D:6)
  A big kobold (D:7)
  4 bullfrogs
  A scorpion (D:7)
  4 killer bees (D:8)
  3 wights (D:7)
  6 howler monkeys
  A centaur zombie (D:5)
  2 quasits
  3 bullfrog skeletons
  2 hounds
  A jelly (D:6)
  An iguana (D:5)
  An orc wizard (D:5)
  4 worker ants
  A hound skeleton (D:8)
  6 gnolls
  14 adders
  A howler monkey skeleton (D:5)
  A shadow imp (D:5)
  An ufetubus (D:4)
  An ooze (D:2)
  An adder skeleton (D:4)
  A worm (D:4)
  6 leopard geckos
  21 orcs
  4 bats
  5 giant cockroaches
  11 goblins
  6 hobgoblins
  21 jackals
  3 quokkas (D:3)
  2 frilled lizards
  A jackal skeleton (D:4)
  15 kobolds
  A rat (D:3)
169 creatures vanquished.

Vanquished Creatures (others)
  A plant (D:7)
1 creature vanquished.

Grand Total: 170 creatures vanquished

Notes
Turn   | Place    | Note
-------+----------+-------------------------------------------
     0 | D:1      | pkoi the Troll Monk began the quest for the Orb.
     0 | D:1      | Reached XP level 1. HP: 22/22 MP: 0/0
   124 | D:1      | Reached XP level 2. HP: 29/29 MP: 1/1
   459 | D:1      | Reached skill level 4 in Unarmed Combat
   696 | D:2      | Reached XP level 3. HP: 36/36 MP: 2/2
  1531 | D:3      | Found a runed translucent door.
  1531 | D:3      | Noticed a bullfrog
  1533 | D:3      | Noticed stormannnn's ghost (amateur MiFi)
  1566 | D:3      | Reached XP level 4. HP: 26/44 MP: 3/3
  1567 | D:3      | Reached skill level 5 in Unarmed Combat
  2144 | D:3      | Found a glowing golden altar of the Shining One.
  2619 | D:4      | Reached XP level 5. HP: 50/50 MP: 4/4
  2766 | D:4      | Reached skill level 6 in Unarmed Combat
  2818 | D:4      | Found an iron altar of Okawaru.
  2818 | D:4      | Found a blossoming altar of Fedhas.
  2819 | D:4      | Found a shimmering altar of Xom.
  2971 | D:5      | Entered Level 5 of the Dungeon
  2993 | D:5      | Noticed Menkaure
  3152 | D:5      | Reached skill level 7 in Unarmed Combat
  3152 | D:5      | Reached XP level 6. HP: 32/59 MP: 5/5
  3241 | D:5      | Noticed an ice beast
  3254 | D:5      | Killed an ice beast
  3290 | D:5      | Killed Menkaure
  3291 | D:5      | Reached skill level 8 in Unarmed Combat
  3291 | D:5      | Reached XP level 7. HP: 53/66 MP: 6/6
  3345 | D:5      | Reached skill level 9 in Unarmed Combat
  3477 | D:5      | Found a glowing silver altar of Zin.
  3613 | D:5      | Found an opulent altar of Gozag.
  3626 | D:5      | Found a broken altar of Ashenzari.
  4059 | D:6      | Reached XP level 8. HP: 36/74 MP: 7/7
  4244 | D:6      | Found a shimmering blue altar of Sif Muna.
  4274 | D:6      | HP: 1/74 [orc warrior/+0 halberd (14)]
  4283 | D:6      | Reached skill level 10 in Unarmed Combat
  4548 | D:6      | Noticed Pikel
  4585 | D:6      | Killed Pikel
  4586 | D:6      | Reached skill level 11 in Unarmed Combat
  4875 | D:7      | Reached XP level 9. HP: 80/80 MP: 8/8
  4967 | D:7      | Reached skill level 12 in Unarmed Combat
  5025 | D:7      | Found a staircase to the Ecumenical Temple.
  5056 | Temple   | Entered the Ecumenical Temple
  5196 | Temple   | Became a worshipper of Makhleb the Destroyer
  5196 | Temple   | Reached * piety under Makhleb
  5196 | Temple   | Reached ** piety under Makhleb
  5428 | D:8      | Reached skill level 1 in Invocations
  5537 | D:8      | HP: 5/120 [killer bee (4)]
  5542 | D:8      | HP: 5/121 [poisoned by a killer bee]
  5547 | D:8      | HP: 4/121 [poisoned by a killer bee]
  5549 | D:8      | HP: 1/121 [poisoned by a killer bee]
  5550 | D:8      | Succumbed to a killer bee's poison

Illustrated notes

Levels and vault maps discovered:
D:1:      minmay_arrival_up_and_down, layout_loops_cross
D:2:      layout_loops_corners, corner_web_ring
D:3:      layout_basic, tso_oasis_becter, ebering_ghost_sewer_d,
          nrook_mini_backslash
D:4:      layout_gridville, gammafunk_temple_overflow_claw, grunt_ministairs_11,
          sigmund_army
D:5:      layout_cave_pools, overflow_temple_1_default, old_standard_altar,
          serial_column_ruins, column_ruins_open_medium_water,
          column_ruins_open_tiny, column_ruins_open_tiny,
          column_ruins_columns_straight, ashenzari_altar_1, uniq_menkaure
D:6:      layout_gridville, chequers_serial_rivers_small_a, led_sif_pool,
          uniq_pikel
D:7:      layout_gridville, minmay_temple_entry_gardened_gates
D:8:      layout_cave_pools
Temple:   dshaligram_water_room_temple

Skill      XL: |  1  2  3  4  5  6  7  8  9 |
---------------+----------------------------+-----
Unarmed Combat | 4 5 7 8 9 11 12 | 12.5
Invocations    | 2 |  2.7
Fighting       | 3 |  3.1
Dodging        | 3 |  3.1
Stealth        | |  1.0

Action                   |  1- 3 |  4- 6 |  7- 9 || total
-------------------------+-------+-------+-------++-------
Melee: Unarmed           |    88 |   187 |   232 ||   507
       Punch             |     1 |     5 |    12 ||    18
  Use: Scroll            |       |     3 |       ||     3
       Potion            |       |       |     2 ||     2
 Stab: Sleeping          |     4 |       |       ||     4
Armor: Robe              |    40 |    66 |    62 ||   168
Dodge: Dodged            |    47 |   123 |   202 ||   372

Table legend: (Time is in decaauts)
 A = Elapsed time spent in this place.
 B = Non-inter-level travel time spent in this place.
 C = Inter-level travel time spent in this place.
 D = Time resting spent in this place.
 E = Time spent auto-exploring this place.
 F = Levels seen in this place.
 G = Mean time per level.
                   A        B        C        D        E       F      G
               +--------+--------+--------+--------+--------+-----+--------+
         Total |   5484 |   5283 |    201 |    717 |   3474 |   9 |  609.3 |
       Dungeon |   5334 |   5133 |    201 |    717 |   3365 |   8 |  666.8 |
        Temple |    149 |    149 |      0 |      0 |    109 |   1 |  149.0 |
               +--------+--------+--------+--------+--------+-----+--------+

Top non-repeatable levels by time:
     D:2: 884 daAuts
     D:3: 881 daAuts
     D:5: 867 daAuts
     D:6: 853 daAuts
     D:4: 727 daAuts
     D:1: 542 daAuts
     D:7: 451 daAuts
  Temple: 149 daAuts
     D:8: 127 daAuts
